Match 46520709
Unlisted

Match 46520709
End
Construct Barracks
Construct Weapon Support Center
Selects Airborne Battlegroup
Selects Heavy Machine Gun Paradrop
Heavy Machine Gun Paradrop
Scout Squad
Bazooka Squad
Heavy Machine Gun Paradrop
Mechanized Support Center
M3 Armored Personnel Carrier
M3 Armored Personnel Carrier
Selects Paratrooper Squad Paradrop
Engineer Squad
Construct Motor Pool
Designate Forward Repair Station
M8 Greyhound Armored Car
M8 Greyhound Armored Car
Paratrooper Squad Paradrop
Selects Anti-tank Gun Team Paradrop
Selects Recon Loiter
Designate Forward Repair Station
Construct Tank Depot
Selects Supply Drop
M4A1 Sherman Medium Tank
Paratrooper Squad Paradrop
Designate Forward Repair Station
Paratrooper Squad Paradrop
M4A1 Sherman Medium Tank
Selects Carpet Bombing Run
Carpet Bombing Run
M4A1 76mm Conversion
Recon Loiter
Designate Forward Repair Station
M4A1(76) Sherman Medium Tank
Carpet Bombing Run
M4A1(76) Sherman Medium Tank
Paratrooper Squad Paradrop
M4A1(76) Sherman Medium Tank
M1 Anti-tank Gun Team
M1 Anti-tank Gun Team
Recon Loiter
Carpet Bombing Run
AI Takeover
meatrobot
Perplexed
대포동미사일
mansonchan
潇洒哥
[EC] Comrade Sniper
Dark Lord Cthulhu
ALTAIR89
0
0

Comments sign in to comment!

No comments posted yet!